[Event "Late-Titled-Tuesday-Blitz-April-30-2024"]
[Site "Chess.com"]
[Date "2024.04.30"]
[Round "1"]
[White "MarcoRiehle"]
[Black "Akhayan"]
[Result "0-1"]
[WhiteElo "2801"]
[BlackElo "2469"]
[TimeControl "180+1"]
[EndTime "14:07:01 PDT"]
[Termination "Akhayan won by resignation"]

1. e4 e5 2. Nf3 Nc6 3. d4 exd4 4. Bc4 Nf6 5. O-O Nxe4 6. Nc3 Nxc3 7. bxc3 d5 8. Bd3 Be7 9. Re1 O-O 10. cxd4 Bf6 11.
c3 Bg4 12. Bf4 Qd7 13. h3 Bf5 14. Bxf5 Qxf5 15. Bxc7 Rac8 16. Bg3 h6 17. Ne5 Bxe5 18. Bxe5 Nxe5 19. Rxe5 Qd7 20. Qb3 Rfd8 21. Rae1 Qc6 22. Re7 Qxc3 23. Qxb7 Rc7 24. Qb1 Rxe7 25. Rxe7 Qxd4 26.
Qb7 Qf6 27. Qxa7 d4 28. Rd7 Rxd7 29. Qxd7 g6 30. a4 Qf4 31. g3 Qc1+ 32. Kg2 Qa1 33. Kf3 Qc3+ 34. Ke4 Qc2+ 35. Ke5 Qe2+ 36. Kd6 Qxf2 37.
a5 Qxg3+ 38. Kc6 Qc3+ 39. Kb6 Qb4+ 40. Ka6 Qc4+ 41. Ka7 Qc5+ 42. Ka6 Qc4+ 43. Kb6 Qb4+ 44. Qb5 Qd6+ 45. Kb7 Qe7+ 46. Ka6 Qd6+ 47. Qb6 Qd5 48. Qb8+ Kh7 49. Qb2 Qc6+ 50. Qb6 Qc4+ 51. Kb7 Qd5+ 52. Kc7 d3 53. Qb1 d2 54. Qd1 Qxa5+ 55. Kd7 Qc3 56. Qf1 Qb3 57. Ke7 d1=Q 58. Qf6 Qe6+ 59. Qxe6 fxe6 60. h4 Qh1 61. h5 Qxh5 0-1

[Event "Late-Titled-Tuesday-Blitz-April-30-2024"]
[Site "Chess.com"]
[Date "2024.04.30"]
[Round "1"]
[White "rhwr"]
[Black "nabukatnezarr"]
[Result "1-0"]
[WhiteElo "2284"]
[BlackElo "2595"]
[TimeControl "180+1"]
[EndTime "14:07:01 PDT"]
[Termination "rhwr won on time"]

1. e4 c5 2. Be2 Nc6 3. f4 e6 4. Nf3 d5 5. d3 Nf6 6. e5 Nd7 7. O-O g6 8. c3 Be7 9. Kh1 h5 10. Na3 a6 11. Nc2 Qc7 12. d4 b5 13.
Be3 Bb7 14. a4 b4 15. cxb4 cxb4 16. b3 O-O-O 17. Rc1 Kb8 18. Nce1 Qb6 19. Nd3 Rc8 20. Qd2 Na5 21. Qb2 Rxc1 22. Rxc1 Rc8 23. Rxc8+ Bxc8 24. Qc2 Bb7 25. h3 Qd8 26. g4 hxg4 27. hxg4 Qh8+ 28. Kg2 f6 29. Nf2 g5 30. Qg6 gxf4 31. Bxf4 fxe5 32. Nxe5 Kc8 33. Qxe6 Qe8 34. Bd1 Kd8 35.
Nf7+ Kc8 36. Nd6+ Kd8 37. Nxe8 Kxe8 38. g5 Nf8 39. Bh5+ Kd8 40. Qb6+ 1-0

[Event "Late-Titled-Tuesday-Blitz-April-30-2024"]
[Site "Chess.com"]
[Date "2024.04.30"]
[Round "1"]
[White "colegiodemadrid"]
[Black "nitpicker"]
[Result "1-0"]
[WhiteElo "2592"]
[BlackElo "2229"]
[TimeControl "180+1"]
[EndTime "14:07:01 PDT"]
[Termination "colegiodemadrid won on time"]

1. d4 Nf6 2. Nc3 d5 3. Bf4 a6 4.
e3 e6 5. g4 Bd6 6. g5 Nfd7 7.
Bxd6 cxd6 8. Bd3 h6 9. g6 f5 10. Nge2 Nc6 11. Nf4 Nf6 12. a3 b5 13. Qd2 O-O 14.
f3 Ne7 15. e4 dxe4 16. fxe4 e5 17. dxe5 dxe5 18. Nfe2 fxe4 19. Nxe4 Bb7 20. Nxf6+ Rxf6 21. O-O-O Bxh1 22. Rxh1 Qd5 23. Rd1 Rd8 24. Nc3 Qd4 25.
Qg2 Qf4+ 26. Kb1 Rdf8 27. Qb7 Nxg6 28. Nd5 Qf3 29. Nxf6+ Qxf6 30. Qe4 Rd8 31. Rf1 Nf4 32. Qh7+ Kf8 33. Be4 Rd4 34. Re1 Ke7 35. Qg8 Qf8 36. Qb3 Qf7 37. Qc3 Qc4 38. Qf3 a5 39. Bd3 Qd5 40.
Qg3 g5 41. h4 Qg2 42. Rxe5+ Kd6 43. Qe1 1-0

[Event "Late-Titled-Tuesday-Blitz-April-30-2024"]
[Site "Chess.com"]
[Date "2024.04.30"]
[Round "1"]
[White "GalaxyRoman"]
[Black "SergioMoralesG"]
[Result "0-1"]
[WhiteElo "2767"]
[BlackElo "2453"]
[TimeControl "180+1"]
[EndTime "14:07:02 PDT"]
[Termination "SergioMoralesG won by checkmate"]

1. e4 c5 2. Nc3 Nc6 3. f4 g6 4.
Nf3 Bg7 5. Bb5 Nd4 6. O-O a6 7. Bd3 d6 8. Nxd4 cxd4 9. Ne2 Qb6 10. Kh1 Nf6 11. Qe1 O-O 12. h3 e5 13. Qf2 Bd7 14.
a4 Bc6 15. Ng3 exf4 16. Qxf4 Nd7 17. b3 Ne5 18. Rb1 Nxd3 19. cxd3 Bxa4 20. Ba3 Bb5 21. Bxd6 Bxd3 22. Bxf8 Rxf8 23. Qf3 Bxf1 24. Rxf1 Be5 25. Ne2 Qe6 26. Nc1 Rc8 27. Nd3 Bg7 28. Nf4 Qf6 29.
Qd3 Qc6 30. Nd5 Qe6 31. Qf3 Be5 32. Qd3 Kg7 33. Qf3 Bd6 34. b4 Re8 35. d3 Rf8 36. Kg1 Qe5 37. Rf2 f5 38. Qe2 Qh2+ 39. Kf1 Qh1# 0-1

[Event "Late-Titled-Tuesday-Blitz-April-30-2024"]
[Site "Chess.com"]
[Date "2024.04.30"]
[Round "1"]
[White "FredddieCroderg"]
[Black "Rodalquilar"]
[Result "0-1"]
[WhiteElo "2410"]
[BlackElo "2707"]
[TimeControl "180+1"]
[EndTime "14:07:02 PDT"]
[Termination "Rodalquilar won on time"]

1. d4 d5 2. c4 dxc4 3. e3 Nf6 4. Bxc4 g6 5. Nf3 Bg7 6. O-O O-O 7. Nc3 Ne8 8. Bd2 Nd6 9. Bb3 b5 10. Rc1 Bb7 11. Bc2 Nd7 12. Re1 c5 13. dxc5 Nxc5 14. Qe2 b4 15. Na4 Ba6 16. Qd1 Nxa4 17. Bxa4 Bxb2 18.
Rc2 Ba3 19. Bb3 Bd3 20. Rc5 a5 21. Nd4 Qb6 22. Rc6 Qb7 23. Bd5 Qd7 24. Qf3 Rac8 25. e4 Bc4 26. Bxc4 Nxc4 27. Rxc8 Rxc8 28. Bh6 Qxd4 29. e5 Nxe5 30. Qb7 Re8 31. Qb5 Nd7 32. Be3 Qd6 33. Qxa5 Bb2 34. h4 Bc3 35. Rf1 Nf6 36. Qb5 Qd5 37. Qb7 Qxb7 0-1

[Event "Late-Titled-Tuesday-Blitz-April-30-2024"]
[Site "Chess.com"]
[Date "2024.04.30"]
[Round "1"]
[White "Heliosis11"]
[Black "Sanyura"]
[Result "1-0"]
[WhiteElo "2396"]
[BlackElo "2660"]
[TimeControl "180+1"]
[EndTime "14:07:02 PDT"]
[Termination "Heliosis11 won by resignation"]

1. e4 c5 2. Nf3 e6 3. Nc3 Nc6 4. d4 cxd4 5. Nxd4 Nf6 6. Nxc6 bxc6 7. e5 Nd5 8. Ne4 Qc7 9. f4 Qb6 10. c4 Bb4+ 11. Ke2 Ba6 12. Kf3 f5 13. exf6 Nxf6 14. Be3 Qd8 15. Nd6+ Bxd6 16. Qxd6 Bb7 17. Bc5 Kf7 18. Rd1 Re8 19. Bd3 Qb8 20. Bc2 Qxd6 21. Rxd6 e5 22. Rhd1 exf4 23. Rxd7+ Nxd7 24. Rxd7+ Ke6 25. Rxb7 g5 26. Be4 Rac8 27. Rxh7 Ke5 28. Rg7 Rg8 29. Re7+ Kf6 30. h3 Rcd8 31. Rxa7 Rd2 32.
Rc7 Rgd8 33. Rxc6+ Ke5 34. Rg6 Rxb2 35. Rxg5+ Kf6 36. Rh5 Rxa2 37. Bd5 Re8 38. Bd4+ Kg6 39. Re5 Ra3+ 40. Kxf4 Rf8+ 41. Kg4 Ra2 42. Re6+ Kh7 43. Re7+ Kg6 44. Be4+ 1-0

[Event "Late-Titled-Tuesday-Blitz-April-30-2024"]
[Site "Chess.com"]
[Date "2024.04.30"]
[Round "1"]
[White "m_ezat"]
[Black "Jospem"]
[Result "0-1"]
[WhiteElo "2532"]
[BlackElo "3121"]
[TimeControl "180+1"]
[EndTime "14:07:03 PDT"]
[Termination "Jospem won on time"]

1. d4 Nf6 2. c4 e6 3. Nc3 Bb4 4. e3 O-O 5. a3 Bxc3+ 6. bxc3 d6 7. Bd3 e5 8. Ne2 Re8 9. Ng3 Nc6 10. O-O Na5 11. f3 b6 12. e4 h6 13. f4 c5 14.
fxe5 dxe5 15. Nh5 Nh7 16. Qf3 Qe7 17. Qg3 g5 18. h4 Nb3 19. hxg5 hxg5 20. Nf6+ Nxf6 21.
Qxg5+ Kf8 22. Qh6+ Kg8 23. Rxf6 Qf8 24. Qh4 Qg7 25.
Rf3 Re6 26. Rg3 Rg6 27. Rxg6 Qxg6 28. Bg5 f6 29. Bxf6 Nxa1 30. Be2 Bh3 31. Bf3 Rf8 32. dxe5 Nc2 33. Qxh3 Rxf6 34. exf6 Qxf6 35. Qc8+ Kg7 36. Qd7+ Kf8 37. Qg4 Qxc3 38. e5 Qe1+ 39. Kh2 Qxe5+ 40. Kh3 Ne3 41. Qc8+ Kg7 42. Qb7+ Kh6 43. Qxa7 Nf5 44. Qxb6+ Kg5 0-1

[Event "Late-Titled-Tuesday-Blitz-April-30-2024"]
[Site "Chess.com"]
[Date "2024.04.30"]
[Round "1"]
[White "Langua_Chess"]
[Black "AlexeiShirov"]
[Result "0-1"]
[WhiteElo "2448"]
[BlackElo "2811"]
[TimeControl "180+1"]
[EndTime "14:07:04 PDT"]
[Termination "AlexeiShirov won by checkmate"]

1. Nf3 d5 2. g3 Bg4 3. Bg2 Nd7 4.
d4 e6 5. O-O Bd6 6. c4 c6 7. b3 Ngf6 8. Bb2 Ne4 9. Nbd2 f5 10.
Ne1 O-O 11. Nd3 Bh5 12. Nf4 Bxf4 13. gxf4 Qh4 14. f3 Nef6 15. e3 g5 16. fxg5 Qxg5 17. Qe1 Kh8 18. Kh1 Rg8 19. Rg1 Rg6 20. Bh3 Qh6 21.
Rxg6 hxg6 22. Qf2 g5 23. Bg2 g4 24. Re1 Rg8 25. Bc1 g3 26. Qg1 Bf7 27. Nf1 Nh5 28.
e4 f4 29. exd5 cxd5 30. cxd5 exd5 31. Re7 Be6 32. Ba3 Ng7 33. Bd6 Rc8 34. Nd2 Rc2 35. Qd1 Qxh2# 0-1

[Event "Late-Titled-Tuesday-Blitz-April-30-2024"]
[Site "Chess.com"]
[Date "2024.04.30"]
[Round "1"]
[White "lucasran"]
[Black "TheMagician"]
[Result "1-0"]
[WhiteElo "2557"]
[BlackElo "2121"]
[TimeControl "180+1"]
[EndTime "14:07:04 PDT"]
[Termination "lucasran won on time"]

1. c4 Nf6 2. Nf3 d6 3. d4 g6 4. Nc3 Bg7 5. Bg5 h6 6. Bh4 Bg4 7. e3 Nbd7 8. h3 Bxf3 9. Qxf3 c6 10. Bd3 e5 11. O-O O-O 12. Rab1 Qb6 13. dxe5 dxe5 14. Rfd1 a5 15. Na4 Qb4 16. b3 Rfe8 17. Be4 Re6 18. Bc2 Qa3 19. Nc3 Qb4 20. e4 Nc5 21. Qe3 Na6 22. Kh1 g5 23. Bg3 Qc5 24. Qe2 Ree8 25. Na4 Qe7 26. Rd2 Rad8 27. Rbd1 Rxd2 28. Qxd2 Qc7 29. Qe2 b6 30. Rd2 Nd7 31. Bd1 Ndc5 32. Nc3 Ne6 33. Qe1 Nd4 34. Bg4 Qe7 35. Qd1 1-0

[Event "Late-Titled-Tuesday-Blitz-April-30-2024"]
[Site "Chess.com"]
[Date "2024.04.30"]
[Round "1"]
[White "sergiochess83"]
[Black "bitter-cikolata"]
[Result "1-0"]
[WhiteElo "2909"]
[BlackElo "2486"]
[TimeControl "180+1"]
[EndTime "14:07:07 PDT"]
[Termination "sergiochess83 won by resignation"]

1. d4 Nf6 2. c4 g6 3. f3 Bg7 4. e4 d6 5. Ne2 O-O 6. Nbc3 e5 7. d5 a5 8. Be3 Na6 9. g4 Nc5 10. Ng3 Bd7 11. Qd2 Kh8 12. h4 h5 13.
gxh5 Nxh5 14. Nxh5 gxh5 15. O-O-O f5 16. Be2 f4 17. Bf2 Qf6 18. Rhg1 b6 19. Rg5 Be8 20. Rdg1 Bh6 21. R5g2 Bf7 22. Nb5 Rac8 23. b3 Be8 24. Nc3 Kh7 25. Kb2 Bd7 26. a3 Rg8 27. Rxg8 Rxg8 28.
Rxg8 Kxg8 29. b4 axb4 30. axb4 Na6 31. Kb3 Qd8 32. c5 Nb8 33. c6 Bh3 34. Qa2 Bg7 35. Qa7 Qc8 36. Nb5 Nxc6 37. dxc6 Be6+ 38. Kb2 d5 39.
Qxc7 Qf8 40. Qd6 Qxd6 41. Nxd6 d4 42. Bc4 Bxc4 43. Nxc4 1-0

[Event "Late-Titled-Tuesday-Blitz-April-30-2024"]
[Site "Chess.com"]
[Date "2024.04.30"]
[Round "1"]
[White "Brown_Mamba24"]
[Black "norwaytoadog"]
[Result "1-0"]
[WhiteElo "2648"]
[BlackElo "2347"]
[TimeControl "180+1"]
[EndTime "14:07:07 PDT"]
[Termination "Brown_Mamba24 won on time"]

1. d4 d5 2. Nf3 Nf6 3. c4 c6 4.
Nbd2 e6 5. g3 Be7 6. Bg2 O-O 7.
O-O b6 8. Qc2 Bb7 9. e4 Na6 10.
Rd1 c5 11. e5 Nd7 12. cxd5 Bxd5 13. Qa4 Nb4 14. a3 Nd3 15. Nc4 Nxc1 16. Raxc1 cxd4 17. Nxd4 Nc5 18. Qc2 Bxg2 19. Nxe6 Qc8 20. Nxf8 Be4 21.
Qe2 Qf5 22. Ne3 Qf3 23. Qxf3 Bxf3 24. Nd7 Bxd1 25. Rxd1 Na4 26. Nf5 Bf8 27. Nxf8 Kxf8 28. b4 Ke8 29. Nd6+ Ke7 30. f4 a5 31. Rc1 axb4 32. axb4 Nb2 33. Rc7+ Ke6 34. Rxf7 Ra2 35. Rf8 Nd3 36. Ne4 Ra1+ 37. Kg2 Kd5 38. Ng5 h6 39.
Rd8+ Kc4 40. Ne4 Ne1+ 41. Kh3 Kxb4 42. Rd6 Kb5 43. Nc3+ Kc5 44. Ne4+ Kb5 45. e6 1-0

[Event "Late-Titled-Tuesday-Blitz-April-30-2024"]
[Site "Chess.com"]
[Date "2024.04.30"]
[Round "1"]
[White "Payyappat"]
[Black "GroovyKettle"]
[Result "0-1"]
[WhiteElo "2501"]
[BlackElo "2950"]
[TimeControl "180+1"]
[EndTime "14:07:08 PDT"]
[Termination "GroovyKettle won by resignation"]

1. e4 c6 2. d4 d5 3. exd5 cxd5 4. c4 Nf6 5. Nc3 g6 6. Nf3 Bg7 7. Bg5 Be6 8. c5 O-O 9. Ne5 Nfd7 10. Nf3 Nc6 11.
Bb5 Bg4 12. Bxc6 bxc6 13. Be3 e5 14. Ne2 Bxf3 15. gxf3 Qh4 16. Qd3 Rab8 17. O-O-O exd4 18. Bxd4 Nxc5 19. Bxc5 Bxb2+ 20. Kd2 Rfe8 21. Rb1 Rb5 22.
Qc2 d4 23. Rxb2 Qg5+ 24. f4 Rxb2 25. fxg5 Rxe2+ 26. Kxe2 Rxc2+ 27. Kd3 Rxc5 28. Rb1 Rxg5 29. Kxd4 Ra5 30. Rb2 Kg7 31. Rc2 g5 32. Rc5 Rxa2 33. Rxg5+ Kf6 34. Rh5 Kg6 35. Rc5 Rxf2 36. Rxc6+ f6 37.
Ra6 Rxh2 38. Ke4 Re2+ 39. Kf4 Re7 40. Kg4 h5+ 41. Kh4 Kf5 42. Ra5+ Kf4 43. Kxh5 f5 44. Kg6 Re6+ 45. Kf7 Rb6 46. Rxa7 Kg4 47. Ra1 f4 48. Rg1+ Kf3 49. Rf1+ Kg3 50. Rg1+ Kf2 0-1

[Event "Late-Titled-Tuesday-Blitz-April-30-2024"]
[Site "Chess.com"]
[Date "2024.04.30"]
[Round "1"]
[White "KChor05"]
[Black "klercaku"]
[Result "1-0"]
[WhiteElo "2603"]
[BlackElo "2259"]
[TimeControl "180+1"]
[EndTime "14:07:08 PDT"]
[Termination "KChor05 won by resignation"]

1. e4 e5 2. Nf3 Nc6 3. d4 exd4 4. Bc4 Be7 5. O-O d6 6. Nxd4 Nf6 7. Nc3 O-O 8. h3 a6 9. Bg5 h6 10. Bf4 Ne5 11. Bb3 c5 12. Nf5 Bxf5 13. exf5 Qc8 14. Nd5 Nxd5 15. Bxd5 Qxf5 16. Bg3 Rab8 17. f4 Ng6 18. c4 Bf6 19. Rb1 Bd4+ 20. Kh1 b5 21. b3 Rb6 22. Bh2 h5 23. g4 hxg4 24. hxg4 Qf6 25.
Qd3 bxc4 26. bxc4 Rxb1 27. Qxb1 Qh4 28. Qxg6 Qh3 29. Re1 Qh4 30. Re8 Rxe8 31. Qxf7+ Kh7 32. Qxe8 Qxg4 33. Qe4+ g6 34. Qf3 Qf5 35. Be4 Qf6 36. f5 g5 37. Qh5+ Kg7 38. Qg6+ Qxg6 39. fxg6 Be5 40.
Bxe5+ dxe5 41. Kg2 Kf6 42. Kf3 Kg7 43. Kg4 Kf6 44. a3 a5 45. a4 Kg7 46. Kxg5 1-0

[Event "Late-Titled-Tuesday-Blitz-April-30-2024"]
[Site "Chess.com"]
[Date "2024.04.30"]
[Round "1"]
[White "ChristopherYoo"]
[Black "flubs"]
[Result "1-0"]
[WhiteElo "3029"]
[BlackElo "2514"]
[TimeControl "180+1"]
[EndTime "14:07:10 PDT"]
[Termination "ChristopherYoo won on time"]

1. c4 Nc6 2. d4 d5 3. Nf3 Bg4 4. Nc3 e6 5. cxd5 exd5 6. Bf4 Nf6 7.
e3 Bb4 8. Be2 Ne4 9. Rc1 O-O 10.
O-O Re8 11. Nxe4 dxe4 12. Ne5 Bxe2 13. Qxe2 Nxe5 14. dxe5 c6 15. Qc4 Qa5 16. Qxe4 Bd6 17. Qf5 Bxe5 18. b4 Qc7 19. b5 Bxf4 20. exf4 Re6 21.
bxc6 Rxc6 22. Rcd1 Rd8 23. Qe5 Rcd6 24. Rde1 f6 25. Qh5 Qf7 26. Qb5 Rb6 27. Qa5 Ra8 28.
a4 Qc7 29. Re3 Qxf4 30. Qd5+ Kh8 31. Rfe1 h6 32. Re8+ Rxe8 33. Rxe8+ Kh7 34. Qg8+ Kg6 35. g3 Qf3 36. Re1 Rb2 37. Rf1 Rd2 38. h4 a6 39.
h5+ Qxh5 40. Qe8+ Kg5 41. Qe3+ Kg4 42. Qxd2 Kh3 43. Qf4 1-0

[Event "Late-Titled-Tuesday-Blitz-April-30-2024"]
[Site "Chess.com"]
[Date "2024.04.30"]
[Round "1"]
[White "Hikaru"]
[Black "RantomOpening"]
[Result "1-0"]
[WhiteElo "3231"]
[BlackElo "2541"]
[TimeControl "180+1"]
[EndTime "14:07:11 PDT"]
[Termination "Hikaru won by resignation"]

1. h4 d5 2. c4 e6 3. Nf3 Nf6 4. cxd5 exd5 5. d4 c6 6. Bf4 Bd6 7. e3 Bxf4 8. exf4 Bg4 9. Qe2+ Kf8 10. Nbd2 g6 11. Qe3 Kg7 12. Ne5 h5 13. Bd3 Qc8 14.
Nf1 Bf5 15. f3 Bxd3 16. Qxd3 c5 17. Rc1 c4 18. Qd2 Nc6 19. Ne3 Ne7 20. Qc2 Nf5 21. Nxf5+ Qxf5 22. Qxf5 gxf5 23. Rh3 Rhg8 24. Rg3+ Kf8 25.
Rg5 Rxg5 26. hxg5 Ne8 27. Kf2 Nc7 28. Nd7+ Ke7 29. Nf6 Ne6 30. Ke3 Kd6 31. Rh1 b5 32. Rxh5 b4 33. g4 c3 34. bxc3 bxc3 35. Rh1 Rc8 36.
gxf5 Ng7 37. Ne4+ dxe4 38. fxe4 c2 39. Rc1 Re8 40. Kd3 Nh5 41. Rxc2 Nxf4+ 42. Ke3 Nd5+ 43. Kf3 Nb4 44. Rc5 Nxa2 45. e5+ Kd7 46. Ra5 Nc3 47.
Rxa7+ Kc6 48. Rxf7 1-0

[Event "Late-Titled-Tuesday-Blitz-April-30-2024"]
[Site "Chess.com"]
[Date "2024.04.30"]
[Round "1"]
[White "MFatigue"]
[Black "penguingm1"]
[Result "0-1"]
[WhiteElo "2473"]
[BlackElo "2854"]
[TimeControl "180+1"]
[EndTime "14:07:11 PDT"]
[Termination "penguingm1 won by checkmate"]

1. e4 b5 2. g3 Bb7 3. Bg2 f5 4. d3 Nf6 5. Nf3 fxe4 6. Nfd2 g6 7. O-O Bg7 8. Nxe4 Nxe4 9. dxe4 O-O 10. Nc3 b4 11.
Nd5 Nc6 12. h4 a5 13. c3 e6 14. Bg5 Qc8 15. Ne3 bxc3 16. bxc3 Ba6 17. Qd2 Bxf1 18. Rxf1 h6 19. Bf4 e5 20. Qd5+ Kh7 21. Bxh6 Bxh6 22. Ng4 Bg7 23. f4 d6 24. f5 Ne7 25. Qd3 Ng8 26. Bh3 Qe8 27. Ne3 Nh6 28. g4 gxf5 29.
exf5 e4 30. Qe2 Qe5 31. g5 Qg3+ 32. Bg2 Be5 33. Qh5 Qxe3+ 34. Kh1 Rf6 35. gxf6 Rg8 36.
f7 Rxg2 37. Qg6+ Rxg6 38. fxg6+ Kxg6 39. f8=Q Qh3+ 40. Kg1 Qh2# 0-1

[Event "Late-Titled-Tuesday-Blitz-April-30-2024"]
[Site "Chess.com"]
[Date "2024.04.30"]
[Round "1"]
[White "oskariot"]
[Black "Kopytkin"]
[Result "1-0"]
[WhiteElo "2734"]
[BlackElo "2418"]
[TimeControl "180+1"]
[EndTime "14:07:11 PDT"]
[Termination "oskariot won on time"]

1. e4 Nf6 2. e5 Nd5 3. d4 d6 4.
Nf3 g6 5. Bc4 Nb6 6. Bb3 d5 7. h3 Bg7 8. O-O Nc6 9. c3 f6 10. exf6 exf6 11. Re1+ Kf7 12. Bf4 Be6 13. Na3 Qd7 14. Qd2 Rhe8 15. Re3 Na5 16. Rae1 c6 17. g4 Nbc4 18. Nxc4 Nxc4 19. Bxc4 dxc4 20.
Bg3 Bd5 21. Rxe8 Rxe8 22. Rxe8 Qxe8 23. Qf4 Qe7 24. g5 Bxf3 25. Qxf3 f5 26. d5 Qe1+ 27. Kh2 Qe4 28. Qxe4 fxe4 29. dxc6 bxc6 30. Kg2 Ke6 31. f3 Kf5 32. h4 Bf8 33. Kf2 Bc5+ 34. Ke2 a6 35. b3 a5 36. Bc7 1-0

[Event "Late-Titled-Tuesday-Blitz-April-30-2024"]
[Site "Chess.com"]
[Date "2024.04.30"]
[Round "1"]
[White "jaramsdal"]
[Black "Romkachess"]
[Result "1-0"]
[WhiteElo "2382"]
[BlackElo "2648"]
[TimeControl "180+1"]
[EndTime "14:07:11 PDT"]
[Termination "jaramsdal won by resignation"]

1. e4 c5 2. a3 d5 3. exd5 Nf6 4. Bb5+ Bd7 5. Bc4 g6 6. Nc3 Bg7 7. Nf3 O-O 8. O-O a6 9. a4 Bg4 10. h3 Bf5 11. d4 Nbd7 12. Be3 Rc8 13. b3 Ne8 14. g4 Nd6 15. gxf5 Nxf5 16. Qd2 Qc7 17. Bf4 Qa5 18. Ne4 Qd8 19. c3 h6 20. dxc5 g5 21. Be3 Re8 22. Nd4 Nh4 23. f4 f6 24. Ne6 Qa5 25.
b4 Nxc5 26. N4xc5 Qb6 27. d6 Qxd6 28. Nxg5+ Kh8 29. Nf7+ Kh7 30. Nxd6 exd6 31. Qxd6 Rg8 32. Kh2 f5 33. Bxg8+ Rxg8 34. Rf2 Bxc3 35. Rg1 Rxg1 36. Kxg1 Be1 37. Rg2 Nf3+ 38. Kh1 1-0

[Event "Late-Titled-Tuesday-Blitz-April-30-2024"]
[Site "Chess.com"]
[Date "2024.04.30"]
[Round "1"]
[White "Mikhal867"]
[Black "VirtualCoach"]
[Result "0-1"]
[WhiteElo "2539"]
[BlackElo "2072"]
[TimeControl "180+1"]
[EndTime "14:07:12 PDT"]
[Termination "VirtualCoach won by resignation"]

1. c4 Nf6 2. Nc3 d6 3. d4 g6 4. e4 Bg7 5. f3 O-O 6. Be3 Nbd7 7.
Qd2 e5 8. d5 a5 9. O-O-O Nc5 10. Kb1 b6 11. Nge2 Ba6 12. Nb5 Qd7 13. Nec3 Ne8 14. g4 f5 15. gxf5 gxf5 16. Bh3 Bc8 17. exf5 Qf7 18. Ka1 Bxf5 19. Bxf5 Qxf5 20. Nxc7 Nxc7 21.
Rhg1 Ne8 22. Rg3 Kh8 23. Nb5 a4 24. Rdg1 Rg8 25. h4 Nf6 26. Bxc5 dxc5 27. Nc7 Rac8 28. Ne6 Nh5 29. Rg5 Qxf3 30. a3 Bf6 31. Rxg8+ Rxg8 32. Rxg8+ Kxg8 33. d6 Qf1+ 34. Ka2 Qxc4+ 35. Kb1 Qxe6 36. d7 Bd8 37. Qd1 Nf6 38. Qxa4 Qxd7 39. Qb3+ Qd5 40. Qg3+ Kf7 41. Qg5 Qe4+ 42. Ka1 Qc4 43. Qf5 Qe6 44.
Qf3 e4 45. Qf1 e3 46. Qe2 Qe4 47. Qd1 Be7 48. Qb3+ c4 49. Qxb6 e2 0-1

[Event "Late-Titled-Tuesday-Blitz-April-30-2024"]
[Site "Chess.com"]
[Date "2024.04.30"]
[Round "1"]
[White "martinmena"]
[Black "rhungaski"]
[Result "0-1"]
[WhiteElo "2121"]
[BlackElo "2557"]
[TimeControl "180+1"]
[EndTime "14:07:13 PDT"]
[Termination "rhungaski won by checkmate"]

1. c4 g6 2. g3 Bg7 3. Bg2 d6 4.
Nc3 Nf6 5. d3 O-O 6. e4 e5 7. h3 a5 8. Bg5 h6 9. Be3 c6 10. Nge2 Be6 11. Qd2 Kh7 12. O-O d5 13. cxd5 cxd5 14. exd5 Nxd5 15. Nb5 Nxe3 16. Qxe3 Nc6 17. Rfd1 Qe7 18. d4 exd4 19. Nexd4 Bc4 20.
Nxc6 Qxe3 21. fxe3 bxc6 22. Bxc6 Ra6 23. Bd7 Bxb2 24.
Rab1 Be5 25. Nd4 Bxa2 26. Ra1 Bc4 27. Kf2 Rb8 28. Nc6 Rb2+ 29. Kg1 Bxg3 30. e4 Be2 31. Rdc1 Bf3 32. Rcb1 Rg2+ 33. Kf1 Rh2 34. Kg1 Rh1# 0-1

[Event "Late-Titled-Tuesday-Blitz-April-30-2024"]
[Site "Chess.com"]
[Date "2024.04.30"]
[Round "1"]
[White "georgpapi"]
[Black "xasid81"]
[Result "0-1"]
[WhiteElo "2350"]
[BlackElo "2654"]
[TimeControl "180+1"]
[EndTime "14:07:14 PDT"]
[Termination "xasid81 won by resignation"]

1. d4 Nf6 2. c4 e6 3. Nf3 b6 4. Nc3 Bb4 5. Qc2 Bb7 6. Bd2 O-O 7. e3 c5 8. Bd3 d5 9. a3 dxc4 10. Bxc4 Bxc3 11. Bxc3 Be4 12. Qe2 Nc6 13. dxc5 bxc5 14. Rd1 Qe7 15. O-O Rfd8 16. Ne5 Nxe5 17. Bxe5 Nd7 18.
Bc3 Nb6 19. Qg4 Bg6 20. Ba2 h5 21. Qf3 Rxd1 22. Rxd1 Rd8 23. h3 Rxd1+ 24. Qxd1 Qc7 25. Bb3 Kh7 26. Bc2 Bxc2 27. Qxc2+ f5 28. g4 Qf7 29. Be5 Nd7 30. Bg3 Qg6 31. gxf5 exf5 32. h4 Qe6 33. Qc3 c4 34. Qa5 a6 35. Qc3 Nf6 36. Qc2 Ne4 37. Bf4 Qg6+ 38. Kf1 Qg4 39. Qxc4 Nd2+ 0-1

[Event "Late-Titled-Tuesday-Blitz-April-30-2024"]
[Site "Chess.com"]
[Date "2024.04.30"]
[Round "1"]
[White "sansanathalia"]
[Black "Sl4werThanYou"]
[Result "0-1"]
[WhiteElo "2447"]
[BlackElo "2808"]
[TimeControl "180+1"]
[EndTime "14:07:16 PDT"]
[Termination "Sl4werThanYou won on time"]

1. d4 Nf6 2. Nd2 d5 3. e3 g6 4. Bd3 Bg7 5. Ngf3 O-O 6. O-O c5 7. b3 Nc6 8. Bb2 cxd4 9. exd4 Bg4 10. h3 Bxf3 11. Nxf3 Rc8 12. a3 Ne4 13. Qe2 f5 14. Rad1 e6 15. c4 Kh8 16. b4 Qf6 17. Ne5 Rfd8 18. cxd5 exd5 19. Nxc6 Rxc6 20. Rc1 Rdc8 21.
Rxc6 Rxc6 22. f3 Nc3 23. Qe8+ Qf8 24. Qxf8+ Bxf8 25. Re1 Kg8 26. Re8 Na4 27. Bb5 Nxb2 28. Bxc6 bxc6 29. Ra8 Kf7 30. Rxa7+ Ke6 31. Rxh7 Nc4 32.
Ra7 Be7 33. Ra6 Kd7 34. Ra7+ Kd6 35. a4 Bf6 36. Kh1 Bxd4 37. Rh7 f4 38. Rh6 Ne5 39. Rh8 Be3 40. Rf8 d4 41. b5 d3 42. Rd8+ Kc7 43.
Rg8 d2 44. Rg7+ Kb6 0-1

[Event "Late-Titled-Tuesday-Blitz-April-30-2024"]
[Site "Chess.com"]
[Date "2024.04.30"]
[Round "1"]
[White "Rakitic2010"]
[Black "JustinWang1234"]
[Result "1-0"]
[WhiteElo "2526"]
[BlackElo "2992"]
[TimeControl "180+1"]
[EndTime "14:07:18 PDT"]
[Termination "Rakitic2010 won by resignation"]

1. e4 e5 2. Nf3 Nc6 3. Bb5 a6 4. Ba4 Nf6 5. O-O b5 6. Bb3 Bb7 7. Re1 Bc5 8. c3 d6 9. d4 Bb6 10. a4 O-O 11. Be3 exd4 12. cxd4 h6 13. d5 Bxe3 14. dxc6 Bxf2+ 15. Kxf2 Bxc6 16. Nc3 Qb8 17. axb5 axb5 18. Rxa8 Qxa8 19. Qd4 Qa5 20. Kg1 Re8 21. e5 Bxf3 22. gxf3 b4 23. Nd5 Nd7 24. e6 fxe6 25.
Nf4 Ne5 26. Qe4 Qc5+ 27. Kg2 Kh8 28. Bxe6 Rf8 29. Bb3 Qb5 30. Bc2 g6 31. Kh1 Rf6 32.
Rg1 b3 33. Bb1 Qc4 34. Nxg6+ Rxg6 35. Rxg6 Qxe4 36. Bxe4 Nxg6 37. Bxg6 d5 38. Bf7 c6 39. Be8 c5 40. Bf7 d4 41. Bxb3 Kg7 42. Bc4 Kf6 43. Kg2 Ke5 44. Kg3 Kf5 45. h4 Kf6 46. Kf4 h5 47. Ke4 Ke7 48. Kd5 Kf6 49. Bd3 Ke7 50. Kxc5 Ke6 51. Kxd4 Kd6 52. b4 Kc6 53. b5+ Kb6 54.
Kd5 Kb7 55. Kc5 Kc8 56. b6 Kb8 57. Kc6 Kc8 58. f4 Kb8 59. f5 Kc8 60. f6 Kd8 61. Bg6 Kc8 62. f7 1-0

[Event "Late-Titled-Tuesday-Blitz-April-30-2024"]
[Site "Chess.com"]
[Date "2024.04.30"]
[Round "1"]
[White "Kombinator01"]
[Black "Vahe_Danielyan"]
[Result "1-0"]
[WhiteElo "2391"]
[BlackElo "2659"]
[TimeControl "180+1"]
[EndTime "14:07:18 PDT"]
[Termination "Kombinator01 won on time"]

1. e4 e6 2. d4 d5 3. exd5 exd5 4. Nf3 Bd6 5. c4 dxc4 6. Bxc4 Ne7 7. Ng5 Nd5 8. O-O c6 9. Nc3 O-O 10. Bxd5 cxd5 11.
Qd3 g6 12. Qf3 Be6 13. Re1 Nc6 14. Qd3 Bf5 15. Qd1 Bc7 16. h3 a6 17. Be3 Qd6 18.
Nf3 Rae8 19. Rc1 Kg7 20. Qd2 Kg8 21. Bh6 Rxe1+ 22. Rxe1 Rc8 23. Qe3 Be6 24. Qg5 Bd8 25. Qe3 Bf6 26. Bf4 Qb4 27. Re2 Nxd4 28. Nxd4 Qxd4 29.
Qg3 Rxc3 30. bxc3 Qd1+ 31. Kh2 Qxe2 32. Bh6 Be5 33. f4 Bd6 34. Qg5 f6 35. Qxf6 Bxf4+ 36. Bxf4 Bf5 37. Be5 1-0